 Dungeon Crawl Stone Soup version 0.19.4-8-ga85b6b9 (webtiles) character file.

387 JNO the Magician (level 6, -6/32 HPs)
             Began as a Deep Elf Wizard on Feb 9, 2017.
             Was an Initiate of Sif Muna.
             Mangled by appiemonkey's ghost (14 damage)
             ... on level 4 of the Dungeon.
             The game lasted 00:34:12 (5247 turns).

JNO the Magician (Deep Elf Wizard)                  Turns: 5247, Time: 00:34:13

Health: -6/32      AC:  3    Str:  4    XL:     6   Next: 49%
Magic:  0/16       EV: 14    Int: 25    God:    Sif Muna [......]
Gold:   212        SH:  0    Dex: 13    Spells: 5 memorised, 6 levels left

rFire  . . .     SeeInvis .     l - -3 dagger (curse)
rCold  . . .     Gourm    .     a - +0 robe
rNeg   + . .     Faith    .     (no shield)
rPois  +         Spirit   .     b - +0 hat
rElec  .         Reflect  .     (no cloak)
rCorr  .         Harm     .     C - +0 pair of gloves
MR     .....                    (no boots)
Stlth  +++.......               (no amulet)
                                w - ring of positive energy
                                g - ring of poison resistance

@: repel missiles
A: no striking features
a: Renounce Religion


You were on level 4 of the Dungeon.
You worshipped Sif Muna.
Sif Muna was noncommittal.
You were not hungry.

You visited 2 branches of the dungeon, and saw 5 of its levels.

You collected 212 gold pieces.

Inventory:

Hand Weapons
 l - a cursed -3 dagger (weapon)
 x - a +0 dagger
 y - a +1 dagger of venom
Armour
 a - a +0 robe (worn)
 b - a +0 hat (worn)
 C - a +0 pair of gloves (worn)
Jewellery
 g - a ring of poison resistance (left hand)
 w - a ring of positive energy (right hand)
Wands
 m - a wand of iceblast (9/15)
 q - a wand of disintegration (11/24)
 B - a wand of flame (18/48)
Scrolls
 e - a scroll of teleportation {unknown}
 f - 2 scrolls of enchant armour {unknown}
 i - 2 scrolls of identify {unknown}
 k - 2 scrolls of remove curse {unknown}
 n - a scroll of enchant weapon {unknown}
 o - a scroll of immolation {unknown}
 t - 2 scrolls of blinking {unknown}
 z - a scroll of amnesia {unknown}
 D - a scroll of random uselessness {unknown}
Potions
 d - a potion of heal wounds {unknown}
 j - a potion of invisibility {unknown}
 p - a potion of flight
 r - a potion of curing {unknown}
 s - a potion of berserk rage {unknown}
 u - a potion of lignification {unknown}
 v - a potion of magic {unknown}
 A - a potion of resistance {unknown}
Books
 c - a book of Minor Magic

   Spells                             Type                      Level
   a - Magic Dart                     Conjuration                  1
   b - Blink                          Translocation                2
   c - Call Imp                       Summoning                    2
   d - Repel Missiles                 Charms/Air                   2
   e - Slow                           Hexes                        2
   f - Conjure Flame                  Conjuration/Fire             3
   g - Mephitic Cloud                 Conjuration/Poison/Air       3
Comestibles
 h - a meat ration


   Skills:
 + Level 3.9 Dodging
 + Level 4.1 Stealth
 + Level 5.9 Spellcasting
 + Level 2.6 Conjurations
 - Level 1.6 Hexes
 - Level 0.8 Charms
   Level 1.1 Summonings
 - Level 2.0 Translocations
 + Level 1.6 Air Magic
 + Level 2.5 Poison Magic


You had 6 spell levels left.
You knew the following spells:

 Your Spells              Type           Power        Failure   Level  Hunger
a - Magic Dart            Conj           ###.         2%          1    None
b - Slow                  Hex            ###.....     8%          2    None
c - Mephitic Cloud        Conj/Pois/Air  ###.....     12%         3    #......
d - Repel Missiles        Chrm/Air       ##....       10%         2    None
e - Blink                 Tloc           N/A          6%          2    None


Dungeon Overview and Level Annotations

Branches:
Dungeon (4/15)             Temple (1/1) D:4

Altars:
Ashenzari
Cheibriados
Dithmenos
Elyvilon
Fedhas
Gozag
Hepliaklqana
Kikubaaqudgha
Makhleb
Nemelex Xobeh
Okawaru
Qazlal
Ru
Sif Muna
Trog
Uskayaw
Vehumet
Xom
Yredelemnul
Zin
The Shining One

Annotations:
D:4 Pikel; Sigmund; appiemonkey's ghost, novice DDFi


Message History

The hound is almost dead.
The hound barely misses you. Appiemonkey's ghost misses you.
You hit the hound but do no damage.
The hound is almost dead.
The hound barely misses you. Appiemonkey's ghost hits you!
The hound barely misses you.
Casting: Magic Dart
Confirm with . or Enter, or press ? or * to list all spells.
Aiming: Magic Dart
Press: ? - help, Shift-Dir - straight line, f/p - hound
Aim: a hound (almost dead)
The magic dart hits the hound.
The hound is almost dead.
The hound closely misses you. Appiemonkey's ghost hits you!
* * * LOW HITPOINT WARNING * * *
Unknown command.
You hit the hound but do no damage.
The hound is almost dead.
The hound bites you but does no damage. Appiemonkey's ghost hits you!
You die...

##########.#
###+### #.# #
#.####⌠.⌠####.#
#....+)>.#....#
######⌠.⌠####.#
###+### #W# ###
###.### #.# #..
#.# #.# ##. #h#
#.# #.
#@#####.# #.
#.W.....# #.
######### #. #.
#. #. #. #. #.


You could see a hound and appiemonkey's ghost.

Vanquished Creatures
  Edmund (D:4)
  An ogre (D:4)
  A hound (D:4)
  An orc wizard (D:3)
  4 gnolls (D:2)
  3 adders
  An ooze (D:3)
  3 worms
  2 dart slugs (D:2)
  3 leopard geckos
  4 orcs (D:3)
  4 bats
  6 giant cockroaches
  10 goblins
  9 hobgoblins
  3 kobolds (D:3)
  2 quokkas
  7 frilled lizards
  A quokka skeleton (D:4)
  5 rats
71 creatures vanquished.

Notes
Turn   | Place    | Note
-------+----------+-------------------------------------------
     0 | D:1      | JNO the Deep Elf Wizard began the quest for the Orb.
     0 | D:1      | Reached XP level 1. HP: 10/10 MP: 7/7
   422 | D:1      | Reached skill level 5 in Spellcasting
   422 | D:1      | Reached XP level 2. HP: 15/15 MP: 6/10
   426 | D:1      | Learned a level 2 spell: Slow
   796 | D:2      | Found a sparkling altar of Nemelex Xobeh.
  1002 | D:2      | Reached skill level 1 in Hexes
  1002 | D:2      | Reached XP level 3. HP: 19/19 MP: 3/11
  1241 | D:2      | Learned a level 3 spell: Mephitic Cloud
  1244 | D:2      | Learned a level 2 spell: Repel Missiles
  1585 | D:2      | Reached XP level 4. HP: 24/24 MP: 7/13
  1991 | D:2      | Found a faded altar of an unknown god.
  2280 | D:3      | Found a glowing golden altar of the Shining One.
  2386 | D:3      | Learned a level 2 spell: Blink
  2407 | D:3      | Reached skill level 1 in Poison Magic
  2980 | D:3      | Reached XP level 5. HP: 24/28 MP: 9/15
  3217 | D:3      | Found an ancient bone altar of Kikubaaqudgha.
  3590 | D:4      | Noticed a slave
  3593 | D:4      | Noticed Pikel
  3594 | D:4      | Noticed a slave
  3594 | D:4      | Noticed a slave
  3594 | D:4      | Noticed a slave
  3778 | D:4      | Noticed a phantom
  3920 | D:4      | Noticed Edmund
  4065 | D:4      | Noticed appiemonkey's ghost (novice DDFi)
  4211 | D:4      | Found a staircase to the Ecumenical Temple.
  4217 | Temple   | Entered the Ecumenical Temple
  4398 | Temple   | Became a worshipper of Sif Muna the Loreminder
  4460 | D:4      | Found a hazy altar of Hepliaklqana.
  4538 | D:4      | Noticed an ogre
  4541 | D:4      | Noticed Sigmund
  4709 | D:4      | Killed an ogre
  4709 | D:4      | Reached skill level 1 in Air Magic
  4815 | D:4      | Reached XP level 6. HP: 22/32 MP: 10/16
  4939 | D:4      | Found a radiant altar of Vehumet.
  4981 | D:4      | Killed Edmund
  5247 | D:4      | Mangled by appiemonkey's ghost

Skill      XL: |  1  2  3  4  5  6 |
---------------+-------------------+-----
Spellcasting   | 5 |  5.9
Hexes          | 1 |  1.6
Stealth        | 3 4 |  4.1
Dodging        | 3 |  3.9
Poison Magic   | 1 2 |  2.5
Conjurations   | 2 |  2.6
Air Magic      | 1 |  1.6
Translocations | 2 |  2.0
Charms         | |  0.8
Summonings     | |  1.1

Action                   |  1- 3 |  4- 6 || total
-------------------------+-------+-------++-------
Melee: Dagger            |     2 |     7 ||     9
 Cast: Magic Dart        |    89 |   179 ||   268
       Mephitic Cloud    |     3 |    19 ||    22
       Repel Missiles    |     2 |     1 ||     3
       Blink             |       |     4 ||     4
       Slow              |       |    12 ||    12
  Use: Potion            |       |     1 ||     1
  Eat: Chunk             |     2 |       ||     2
       Fruit             |       |     4 ||     4
       Bread ration      |       |     2 ||     2
Armor: Robe              |     7 |    10 ||    17
Dodge: Dodged            |    17 |    55 ||    72
       Deflected         |     1 |     2 ||     3
